 Dungeon Crawl Stone Soup version 0.29.1-13-g9f3cf754e1 (webtiles) character file.

Game seed: 1210839157019469121

4146 KittyFluff the Basher (level 10, -3/94 HPs)
             Began as a Gargoyle Berserker on Feb 6, 2023.
             Was an Elder of Trog.
             Slain by a wight
             ... wielding a +2 hand axe
              (5 damage)
             ... on level 7 of the Dungeon.
             The game lasted 00:32:58 (8392 turns).

KittyFluff the Basher (Gargoyle Berserker)          Turns: 8392, Time: 00:32:58

Health: -3/94      AC: 32    Str: 22    XL:     10   Next: 27%
Magic:  10/10      EV:  2    Int:  7    God:    Trog [****..]
Gold:   340        SH:  0    Dex: 13    Spells: 9/9 levels left

rFire   . . .      SeeInvis .   C - +2 flail (protect)
rCold   . . .      Faith    .   (no shield)
rNeg    + . .      Spirit   .   (body armour currently unavailable)
rPois   ∞          Reflect  .   (helmet currently unavailable)
rElec   .          Harm     .   (cloak currently unavailable)
rCorr   .          Rampage  .   (gloves currently unavailable)
Will    .....      NoTele   +   (boots currently unavailable)
Stlth   ++........              (no amulet)
HPRegen 0.25/turn               G - ring of flight
MPRegen 0.12/turn               (no ring)

@: tree-form, under a protective aura
A: stationary, stasis, torment immunity, boosted hp, sickness immunity, AC +7,
negative energy resistance 1, (electricity resistance), torment resistance 1,
petrification resistance
a: Renounce Religion, Berserk, Trog's Hand, Brothers in Arms


You were on level 7 of the Dungeon.
You worshipped Trog.
Trog was greatly pleased with you.
You were a tree.
You visited 1 branch of the dungeon, and saw 8 of its levels.

You collected 515 gold pieces.
You spent 175 gold pieces at shops.

Inventory:

Hand Weapons
 a - a +0 mace
 d - a +0 sling
 C - a +2 flail of protection (weapon)
 O - a +2 shortbow of freezing
Missiles
 e - 33 stones (quivered)
 p - 3 atropa-tipped darts
 q - 8 poisoned darts
 K - 3 boomerangs
 P - 2 curare-tipped darts
 R - a throwing net
Armour
 r - a scarf of resistance
 t - a +2 cloak (melded)
 v - a +0 cloak of stealth
 E - an orb of mayhem
 F - a +1 scale mail of willpower
 I - a +2 hat (melded)
 L - a +3 scale mail
 M - a +2 leather armour of fire resistance (melded)
Jewellery
 G - a ring of flight (left branch)
Wands
 g - a wand of polymorph (9)
 x - a wand of paralysis (10)
 y - a wand of iceblast (22)
Scrolls
 b - a scroll of enchant armour {unknown}
 c - a scroll of silence {unknown}
 f - a scroll of torment {unknown}
 h - a scroll of brand weapon {unknown}
 k - a scroll of enchant weapon {unknown}
 l - 5 scrolls of vulnerability {unknown}
 m - 3 scrolls of teleportation {unknown}
 n - a scroll of blinking {unknown}
 s - 2 scrolls of immolation {unknown}
 w - a scroll of fear
 B - 2 scrolls of butterflies {unknown}
 H - 2 scrolls of poison {unknown}
 J - a scroll of amnesia {unknown}
 S - a scroll of identify
Potions
 i - 5 potions of curing
 j - 2 potions of lignification
 o - 3 potions of might
 u - a potion of resistance
 z - 2 potions of attraction {unknown}
 A - a potion of cancellation {unknown}
 D - a potion of degeneration {unknown}
 N - a potion of heal wounds {unknown}
 Q - a potion of brilliance {unknown}


   Skills:
 + Level 7.0 Fighting
 + Level 9.6 Maces & Flails
 + Level 1.6 Ranged Weapons
 + Level 0.3 Throwing
 * Level 7.5 Armour
 + Level 5.4 Dodging
 + Level 3.6 Stealth


You had 9 spell levels left.
You didn't know any spells.
Your spell library was empty.

Dungeon Overview and Level Annotations

Branches:
Dungeon (8/15)             Temple (0/1) D:5            Lair (0/5) D:8

Altars:
Cheibriados
Makhleb
Okawaru

Shops:
D:1 (   D:4 *

Annotations:
D:8 Gastronok


Innate Abilities, Weirdness & Mutations

You are a tree.
Your roots penetrate the ground, keeping you stationary.
You cannot be teleported.
You are immune to unholy pain and torment.
Your maximum health is greatly increased.
Your equipment is partially melded.
You are immune to sickness and miasma.
((Your stone body is resilient. (AC +7)))
You are immune to poison.
You resist negative energy. (rN+)
((You are resistant to electric shocks. (rElec)))
You are resistant to unholy torment.
You are immune to petrification.


Message History

You thump the komodo dragon!
The komodo dragon is heavily wounded.
The komodo dragon misses you.
You hit the komodo dragon but do no damage.
The komodo dragon is heavily wounded.
The komodo dragon bites you!!
* * * LOW HITPOINT WARNING * * *
Really quaff the potion of lignification?
You turn into a tree.
Your +2 cloak melds into your body.
Your +2 hat melds into your body.
Your +2 leather armour of fire resistance melds into your body.
You feel less resistant to fire.
Your roots penetrate the ground.
The komodo dragon bites you.
* * * LOW HITPOINT WARNING * * *
You barely miss the komodo dragon.
The komodo dragon is heavily wounded.
The komodo dragon bites you.
* * * LOW HITPOINT WARNING * * *
You hit the komodo dragon.
The komodo dragon is heavily wounded.
The komodo dragon barely misses you.
You hit the komodo dragon but do no damage.
The komodo dragon is heavily wounded.
The komodo dragon bites you.
* * * LOW HITPOINT WARNING * * *
You barely miss the komodo dragon.
The komodo dragon is heavily wounded.
The komodo dragon bites you but does no damage.
You sock the komodo dragon!
The komodo dragon is severely wounded.
The komodo dragon bites you.
* * * LOW HITPOINT WARNING * * *
You thump the komodo dragon!
You kill the komodo dragon!
Trog accepts your kill.
Your Fighting skill increases to level 7!
You hit the wight but do no damage. The wight hits you but does no damage.
You closely miss the wight. The wight hits you but does no damage.
You barely miss the wight. The wight hits you with a +2 hand axe.
You die...

# # # ###### ########
##...#########zz♣...#
...PPPP.......>####.#
...P~~~~..#...[.....#
#.~~♣P~~~~P.##.#..###
#PP~♣♣♣♣~P#.##....#
.P~~♣ ♣P~~.......##


PPP♣♣ ♣P~.#.#....# .~~P♣♣♣♣P.#.#....## .~P~♣~P~P.........# You could see 2
wights.

Vanquished Creatures
  A cyclops (D:8)
  A komodo dragon (D:7)
  2 wyverns
  A yak (D:7)
  A basilisk (D:8)
  Menkaure (D:6)
  A steam dragon (D:7)
  Edmund (D:6)
  An ice beast (D:5)
  A water moccasin (D:6)
  2 black bears
  An orc warrior (D:7)
  A sky beast (D:6)
  2 ogres
  2 centaurs
  2 phantoms
  A bullfrog (D:6)
  A necrophage (D:6)
  6 wights (D:7)
  5 killer bees (D:7)
  4 electric eels (D:7)
  3 hounds
  Crazy Yiuf (D:3)
  A jelly (D:5)
  A gnoll bouda (D:7)
  6 iguanas
  Natasha (D:4)
  3 orc wizards
  6 gnolls
  8 adders
  A shadow imp (D:6)
  3 white imps
  An ufetubus (D:5)
  2 dart slugs
  15 orcs
  7 bats
  11 endoplasms
  5 giant cockroaches
  7 goblins
  6 hobgoblins
  7 jackals
  6 kobolds
  6 quokkas
  6 ball pythons
  7 frilled lizards
  16 rats
174 creatures vanquished.

Vanquished Creatures (others)
  A fungus (D:8)
  18 plants (D:7)
19 creatures vanquished.

Grand Total: 193 creatures vanquished

Notes
Turn   | Place    | Note
-------+----------+-------------------------------------------
     0 | D:1      | KittyFluff the Gargoyle Berserker began the quest for the
                  | Orb.
     0 | D:1      | Reached XP level 1. HP: 14/14 MP: 1/1
   248 | D:1      | Found a faded altar of an unknown god.
   256 | D:1      | Reached XP level 2. HP: 19/19 MP: 2/2
   602 | D:1      | Reached XP level 3. HP: 16/23 MP: 3/3
   719 | D:1      | Reached ** piety under Trog
   768 | D:1      | Found Zaecius's Antique Weapon Emporium.
   929 | D:2      | Found an iron altar of Okawaru.
  1247 | D:2      | Reached XP level 4. HP: 28/29 MP: 4/4
  2025 | D:3      | Reached skill level 4 in Maces & Flails
  2210 | D:3      | Reached XP level 5. HP: 30/33 MP: 5/5
  2467 | D:3      | Found a runed translucent door.
  2468 | D:3      | Noticed Crazy Yiuf
  2477 | D:3      | Killed Crazy Yiuf
  2478 | D:3      | Reached skill level 1 in Stealth
  3016 | D:4      | Reached *** piety under Trog
  3182 | D:4      | Found Aqaoferph's Elemental Accessories.
  3232 | D:4      | Noticed an ogre
  3247 | D:4      | Killed an ogre
  3248 | D:4      | Reached XP level 6. HP: 16/39 MP: 6/6
  3509 | D:4      | Noticed Natasha
  3519 | D:4      | Killed Natasha
  3577 | D:4      | Reached skill level 5 in Maces & Flails
  3843 | D:5      | Entered Level 5 of the Dungeon
  3928 | D:1      | Bought a glowing flail for 175 gold pieces
  4162 | D:5      | Found a snail-covered altar of Cheibriados.
  4176 | D:5      | Noticed a wyvern
  4178 | D:5      | Noticed an ice beast
  4183 | D:5      | Found a staircase to the Ecumenical Temple.
  4192 | D:5      | Killed a wyvern
  4193 | D:5      | Reached XP level 7. HP: 17/44 MP: 7/7
  4460 | D:5      | Reached skill level 6 in Maces & Flails
  4527 | D:5      | Reached skill level 5 in Fighting
  4672 | D:5      | Reached XP level 8. HP: 49/49 MP: 8/8
  4738 | D:5      | Found a burning altar of Makhleb.
  4796 | D:5      | Reached skill level 5 in Armour
  5306 | D:6      | Noticed Edmund
  5329 | D:6      | Killed Edmund
  5330 | D:6      | Reached skill level 7 in Maces & Flails
  5358 | D:6      | Reached **** piety under Trog
  5633 | D:6      | Noticed Menkaure
  5649 | D:6      | Killed Menkaure
  5926 | D:6      | Reached XP level 9. HP: 48/55 MP: 9/9
  6387 | D:7      | Reached skill level 8 in Maces & Flails
  7399 | D:7      | Reached skill level 9 in Maces & Flails
  7482 | D:8      | Found a staircase to the Lair.
  7517 | D:7      | Reached skill level 5 in Dodging
  7714 | D:8      | Noticed a two-headed ogre
  7767 | D:8      | Noticed a cyclops
  7785 | D:8      | Killed a cyclops
  7786 | D:8      | Reached XP level 10. HP: 49/61 MP: 10/10
  7794 | D:8      | Reached skill level 1 in Ranged Weapons
  8226 | D:8      | Noticed Gastronok
  8384 | D:7      | HP: 2/91 [komodo dragon (4)]
  8392 | D:7      | Slain by a wight

Illustrated notes

Levels and vault maps discovered:
D:1:      dpeg_arrival_windows_large_door, layout_basic, serial_shops,
          nicolae_shop_stone, ebering_ecumenical_altar_rust
D:2:      layout_loops_ring, basic_altar, minmay_rat_gold_closets
D:3:      layout_basic, minmay_misc_feat_enclosed, minmay_fractal_squares_5,
          uniq_crazy_yiuf_cottage
D:4:      layout_basic, nicolae_elemental_shop, uniq_natasha
D:5:      layout_basic, mainiacjoe_overflow_alcove_4,
          mainiacjoe_overflow_boulevard, minmay_temple_entry_poolview,
          item_on_display_a
D:6:      layout_basic, uniq_edmund, uniq_menkaure
D:7:      layout_basic, serial_bayou, serial_bayou_shore_a, serial_bayou_pond_c,
          serial_bayou_shore_b, serial_bayou_lagoon_b, serial_bayou_pond_d
D:8:      layout_cave_pools, david_lair_generic, uniq_gastronok

Skill      XL: |  1  2  3  4  5  6  7  8  9 10 |
---------------+-------------------------------+-----
Dodging        | 2 3 4 5 |  5.4
Fighting       | 4 5 6 7 |  7.0
Maces & Flails | 4 5 6 7 9 |  9.6
Armour         | 3 4 5 7 |  7.5
Stealth        | 1 2 3 |  3.6
Ranged Weapons | 1 |  1.6
Throwing       | |  0.3

Action                   |  1- 3 |  4- 6 |  7- 9 | 10-12 || total
-------------------------+-------+-------+-------+-------++-------
Melee: Mace              |   134 |   209 |       |       ||   343
       Punch             |       |     3 |     2 |       ||     5
       Flail             |       |    19 |   296 |    51 ||   366
 Fire: Shortbow          |       |       |     7 |     2 ||     9
Throw: Stone             |       |     7 |       |       ||     7
Invok: Berserk           |       |     1 |     1 |       ||     2
Evoke: Wand              |       |     1 |       |       ||     1
  Use: Scroll            |     1 |     2 |     1 |       ||     4
       Potion            |       |       |     1 |     1 ||     2
 Stab: Sleeping          |     1 |     1 |     1 |       ||     3
Armor: Animal skin       |    11 |       |       |       ||    11
       Leather armour    |    51 |   126 |   160 |    26 ||   363
       Skin              |       |       |       |     3 ||     3
Dodge: Dodged            |    89 |   153 |   178 |    53 ||   473
